 Dungeon Crawl Stone Soup version 0.31-a0-963-ga325b2283a (webtiles) character file.

Game seed: 13564133820967183132

512 SaltyWalty the Gusty (level 7, -2/36 HPs)
             Began as a Tengu Air Elementalist on Oct 24, 2023.
             Slain by Eustachio
             ... wielding the +7 mace of Misery {flame, Will+++ Int+4 Dex-3}
              (3 damage)
             ... on level 4 of the Dungeon.
             The game lasted 00:10:44 (4214 turns).

SaltyWalty the Gusty (Tengu Air Elementalist)       Turns: 4214, Time: 00:10:45

Health: -2/36      AC:  6    Str:  9    XL:     7   Next: 19%
Magic:  5/13       EV: 16    Int: 17    God:
Gold:   213        SH:  0    Dex: 14    Spells: 7/13 levels left

rFire   . . .        x - +0 short sword
rCold   . . .        (no shield)
rNeg    . . .        a - +0 robe
rPois   .            l - +2 hat
rElec   .            t - +0 cloak
rCorr   .            v - +0 pair of gloves
SInv    .            (boots unavailable)
Will    .....        k - amulet of magic regeneration
Stlth   ++           (no ring)
HPRegen 0.26/turn    (no ring)
MPRegen 0.53/turn

%: acrobat
@: flying
A: beak, talons 3, evasive flight, acrobatic
a: no special abilities


You were on level 4 of the Dungeon.
You visited 1 branch of the dungeon, and saw 5 of its levels.

You collected 213 gold pieces.

Inventory:

Hand Weapons
 x - a +0 short sword (weapon)
Armour
 a - a +0 robe (worn)
 l - a +2 hat (worn)
 r - a +0 buckler
 t - a +0 cloak (worn)
 v - a +0 pair of gloves (worn)
Jewellery
 k - an amulet of magic regeneration (around neck)
 s - a ring of ice
Scrolls
 c - a scroll of fear {unknown}
 f - a scroll of enchant weapon {unknown}
 g - a scroll of revelation {unknown}
 i - 3 scrolls of identify
 m - 2 scrolls of teleportation
 n - a scroll of blinking {unknown}
 o - a scroll of summoning {unknown}
 p - 2 scrolls of vulnerability {unknown}
 w - a scroll of brand weapon {unknown}
Potions
 b - a potion of magic
 d - a potion of lignification {unknown}
 e - 3 potions of mutation {unknown}
 h - 3 potions of attraction {unknown}
 j - a potion of haste {unknown}
 q - 2 potions of degeneration {unknown}
 u - a potion of resistance {unknown}


   Skills:
 - Level 2.4 Dodging
 - Level 2.1 Stealth
 + Level 2.0 Shields
 - Level 0.1 Unarmed Combat
 + Level 3.6 Spellcasting
 + Level 4.2 Conjurations
 * Level 7.7 Air Magic


You had 7 spell levels left.
You knew the following spells:

 Your Spells              Type           Power      Damage    Failure   Level
a - Shock                 Conj/Air       92%        1d8       1%          1
b - Static Discharge      Conj/Air       46%        3-5/arc   2%          2
c - Swiftness             Air            29%        N/A       1%          3

Your spell library contained the following spells:

 Spells                   Type           Power      Damage    Failure   Level
 Airstrike                Air            14%        2d(3-19)  7%          4
 Apportation              Tloc           6%         N/A       17%         1
 Freeze                   Ice            12%        1d3       17%         1
 Hailstorm                Conj/Ice       10%        3d5       21%         3
 Jinxbite                 Hex            6%         N/A       26%         2
 Lesser Beckoning         Tloc           6%         N/A       26%         2
 Frozen Ramparts          Ice            6%         1d1       45%         3
 Gell's Gravitas          Tloc           3%         N/A       45%         3
 Ignite Poison            Fire/Tmut/Pois 3%         N/A       45%         3
 Teleport Other           Tloc           3%         N/A       45%         3
 Tukima's Dance           Hex            3%         N/A       45%         3
 Sticky Flame             Conj/Fire      10%        2d3       56%         4
 Passage of Golubria      Tloc           3%         N/A       86%         4
 Alistair's Intoxication  Tmut/Pois      2%         N/A       99%         5
 Yara's Violent Unravell  Hex/Tmut       1%         3d3       99%         5
 Dispersal                Tloc           1%         N/A       100%        6
 Ignition                 Fire           1%         3d3       100%        8
 Chain Lightning          Conj/Air       11%        3d15      100%        9
 Fire Storm               Conj/Fire      5%         8d1       100%        9
 Shatter                  Erth           1%         3d6*      100%        9


Dungeon Overview and Level Annotations

Branches:
Dungeon (5/15)
 Temple: D:4-7

Altars:

Shops:
D:1 ?

Annotations:
D:3 2 transporters, justen's ghost, amateur DrSh
D:4 Edmund; Eustachio


Innate Abilities, Weirdness & Mutations

You have a beak for a mouth.
You have claws for feet.
Your magical flight helps you evade attacks. (EV +4)
You can magically evade attacks while moving or waiting.


Message History

Confirm with . or Enter, or press ? or * to list all spells.
Eustachio is struck by an arc of lightning.
Eustachio is lightly wounded.
You are struck by an arc of lightning.
The lightning grounds out.
Eustachio utters an oath, "I will die for my friends!"
Eustachio barely misses you.
Unknown command.
Unknown command.
Casting: Static Discharge (safe; 2% risk of failure)
Confirm with . or Enter, or press ? or * to list all spells.
Eustachio is struck by an arc of lightning.
Eustachio is moderately wounded.
You are struck by an arc of lightning.
The lightning grounds out.
Eustachio barely misses you.
Unknown command.
Unknown command.
Casting: Static Discharge (safe; 2% risk of failure)
Confirm with . or Enter, or press ? or * to list all spells.
Eustachio is struck by an arc of lightning.
Eustachio is moderately wounded.
You are struck by an arc of lightning.
Eustachio is struck by an arc of lightning.
Eustachio is heavily wounded.
The lightning grounds out.
Eustachio hits you with the +7 mace of Misery {flame, Will+++ Int+4 Dex-3}.
Eustachio burns you.
Unknown command.
Casting: Static Discharge (safe; 2% risk of failure)
Confirm with . or Enter, or press ? or * to list all spells.
Eustachio is struck by an arc of lightning.
Eustachio is severely wounded.
You are struck by an arc of lightning.
Eustachio is struck by an arc of lightning.
Eustachio is severely wounded.
You are struck by an arc of lightning.
The lightning grounds out.
Eustachio hits you with the +7 mace of Misery {flame, Will+++ Int+4 Dex-3}!
* * * LOW HITPOINT WARNING * * *
Eustachio burns you.
You die...
Eustachio twirls his moustache.

##############
########.............
#........#######.....
#.####..##### #.....
#.##...#†...# #.....
#....#.#.##.# #.....
####.#.#.##.####.....
#@@...............
#.###.##.####..... #.#
#.##.####.....
#####'###.............
#......#####.#########
#............#
#..)...#######
#......# #......#
#####


You could see Eustachio.

Vanquished Creatures
  An ice beast (D:5)
  An ogre (D:5)
  A jelly (D:3)
  A hound (D:5)
  4 iguanas
  Natasha (D:2)
  4 adders
  3 gnolls (D:5)
  A white imp (D:5)
  2 dart slugs
  3 worms
  5 orcs
  4 bats
  3 endoplasms
  3 giant cockroaches
  11 hobgoblins
  3 jackals (D:2)
  4 quokkas
  8 ball pythons
  5 goblins
  4 kobolds
  7 rats
79 creatures vanquished.

Notes
Turn   | Place    | Note
-------+----------+-------------------------------------------
     0 | D:1      | SaltyWalty the Tengu Air Elementalist began the quest for
                  | the Orb.
     0 | D:1      | Reached XP level 1. HP: 10/10 MP: 4/4
   268 | D:1      | Reached XP level 2. HP: 15/15 MP: 1/6
   362 | D:1      | Found The Oracle's Delphic Readings.
   610 | D:1      | Learned a level 2 spell: Static Discharge
   880 | D:1      | Reached XP level 3. HP: 19/19 MP: 3/7
  1020 | D:2      | Reached skill level 5 in Air Magic
  1250 | D:2      | Learned a level 3 spell: Swiftness
  1521 | D:2      | Reached XP level 4. HP: 24/24 MP: 2/8
  1949 | D:3      | Noticed Natasha
  1967 | D:2      | Killed Natasha
  2193 | D:3      | Reached skill level 6 in Air Magic
  2193 | D:3      | Reached XP level 5. HP: 28/28 MP: 7/10
  2318 | D:3      | Found a transporter.
  2321 | D:3      | Found a transporter.
  2322 | D:3      | Noticed justen's ghost (amateur DrSh)
  3261 | D:4      | Noticed Edmund
  3477 | D:4      | Reached XP level 6. HP: 32/32 MP: 8/11
  3972 | D:5      | Entered Level 5 of the Dungeon
  3988 | D:5      | Reached skill level 1 in Shields
  3988 | D:5      | Reached skill level 7 in Air Magic
  4016 | D:5      | Identified the +7 mace of Misery {flame, Will+++ Int+4
                  | Dex-3}
  4016 | D:5      | Noticed Eustachio
  4092 | D:5      | Noticed an ice beast
  4105 | D:5      | Killed an ice beast
  4106 | D:5      | Gained mutation: Your magical flight helps you evade
                  | attacks. (EV +4) [Tengu growth]
  4106 | D:5      | Reached XP level 7. HP: 35/36 MP: 8/13
  4214 | D:4      | HP: 1/36 [Eustachio/the +7 mace of Misery {flame, Will+++
                  | Int+4 Dex-3} (13)]
  4214 | D:4      | Slain by Eustachio

Illustrated notes

Levels and vault maps discovered:
D:1:      amcnicky_arrival_underground_garden, layout_rooms,
          nicolae_nh_oracle_at_delphi
D:2:      layout_loops_ring
D:3:      layout_rooms, gammafunk_ghost_mausoleum, uniq_natasha
D:4:      layout_basic, dreamdust_princess_corridor, uniq_edmund
D:5:      layout_basic, lemuel_doored_altar, uniq_blork_the_orc, uniq_eustachio

Skill      XL: |  1  2  3  4  5  6  7 |
---------------+----------------------+-----
Air Magic      | 5 6 7 |  7.7
Conjurations   | 2 3 4 |  4.2
Spellcasting   | 3 |  3.6
Shields        | 1 2 |  2.0
Dodging        | |  2.4
Stealth        | |  2.1
Unarmed Combat | |  0.1

Action                     |  1- 3 |  4- 6 |  7- 9 || total
---------------------------+-------+-------+-------++-------
  Melee: Unarmed           |     5 |       |       ||     5
         Kick              |     1 |       |       ||     1
         Peck              |     1 |       |       ||     1
   Cast: Shock             |    91 |   117 |    13 ||   221
         Static Discharge  |     2 |     8 |     8 ||    18
         Swiftness         |       |     3 |       ||     3
    Use: Scroll            |       |     2 |       ||     2
 Armour: Robe              |     6 |    18 |    14 ||    38
  Dodge: Dodged            |    13 |    11 |     6 ||    30

Table legend: (Time is in decaauts)
 A = Elapsed time spent in this place.
 B = Non-inter-level travel time spent in this place.
 C = Inter-level travel time spent in this place.
 D = Time resting spent in this place.
 E = Time spent auto-exploring this place.
 F = Levels seen in this place.
 G = Mean time per level.
                   A        B        C        D        E       F      G
               +--------+--------+--------+--------+--------+-----+--------+
         Total |   4237 |   3996 |    241 |    225 |   3047 |   5 |  847.4 |
       Dungeon |   4237 |   3996 |    241 |    225 |   3047 |   5 |  847.4 |
               +--------+--------+--------+--------+--------+-----+--------+

Top non-repeatable levels by time:
     D:4: 1575 daAuts
     D:2: 1057 daAuts
     D:1: 968 daAuts
     D:3: 447 daAuts
     D:5: 189 daAuts
